 Dungeon Crawl Stone Soup version 0.28-a0-620-g539b0f7ac7 (webtiles) character file.

Game seed: 12678734176795348999

6 freelancePsychic the Magician (level 2, 0/22 HPs)
             Began as a Djinni Summoner on Oct 6, 2021.
             Slain by a hobgoblin (4 damage)
             ... on level 1 of the Dungeon.
             The game lasted 00:00:46 (376 turns).

freelancePsychic the Magician (Djinni Summoner)      Turns: 376, Time: 00:00:47

Health: 0/22       AC:  2    Str:  7    XL:     2   Next: 0%
Gold:   23         EV: 12    Int: 16    God:
                   SH:  0    Dex: 13

rFire   + + .      SeeInvis .   c - +0 dagger
rCold   x . .      Faith    .   (no shield)
rNeg    . . .      Spirit   .   a - +0 robe
rPois   ∞          Reflect  .   (no helmet)
rElec   .          Harm     .   (no cloak)
rCorr   .          Rampage  .   (no gloves)
Will    .....                   (boots unavailable)
Stlth   ++........              (no amulet)
HPRegen 0.07/turn               (no ring)
MPRegen 0.00/turn               (no ring)

@: flying
A: sickness immunity, fire resistance 2, cold vulnerability 1, float, innate
caster, hp casting, extra vitality 1
a: no special abilities


You were on level 1 of the Dungeon.
You visited 1 branch of the dungeon, and saw 1 of its levels.

You collected 23 gold pieces.

Inventory:

Hand Weapons
 c - a +0 dagger (weapon)
Armour
 a - a +0 robe (worn)
Scrolls
 d - a scroll of identify {unknown}
Potions
 b - 2 potions of flight {unknown}


   Skills:
 + Level 0.5 Fighting
 - Level 2.1 Dodging
 - Level 1.5 Stealth
 * Level 3.4 Spellcasting


You couldn't memorise any spells.
You knew the following spells:

 Your Spells              Type           Power      Damage    Failure   Level
a - Summon Small Mammal   Summ           52%        N/A       4%          1
b - Call Imp              Summ           13%        N/A       7%          2
c - Call Canine Familiar  Summ           13%        N/A       13%         3
d - Summon Guardian Gole  Hex/Summ       13%        N/A       13%         3
e - Summon Lightning Spi  Summ/Air       13%        N/A       41%         4
Your spell library was empty.

Dungeon Overview and Level Annotations

Branches:
Dungeon (1/15)

Altars:


Innate Abilities, Weirdness & Mutations

You are immune to sickness and miasma.
You are immune to poison.
Your flesh is very heat resistant. (rF++)
You are vulnerable to cold. (rC-)
You float through the air rather than walking.
You learn spells naturally, not from books.
Your magical power is your life essence.
You have superior vitality. (+4 HP)


Message History

Your bat completely misses the hobgoblin.
Your bat barely misses the hobgoblin.
Your bat hits the hobgoblin. The hobgoblin misses your bat.
Your bat closely misses the hobgoblin.
Your bat hits the hobgoblin. Your bat misses the hobgoblin.
Your bat hits the hobgoblin but does no damage.
Something barely misses your bat.
Your bat closely misses the hobgoblin.
Your bat hits the hobgoblin.
The hobgoblin dies!
You have reached level 2!
There are monsters nearby!
Casting: Summon Small Mammal (safe; 4% risk of failure)
Confirm with . or Enter, or press ? or * to list all spells.
A beastly little devil appears in a puff of flame.
Your bat hits the hobgoblin but does no damage.
Your bat barely misses the hobgoblin.
Your bat barely misses the hobgoblin.
The hobgoblin hits you.
* * * LOW HITPOINT WARNING * * *
Your bat hits the hobgoblin but does no damage.
Your crimson imp hits the hobgoblin but does no damage.
Something hits your bat.
Your bat dies!
Your bat's corpse disappears in a puff of smoke!
Your crimson imp blinks!
Casting: Call Imp (safe; 7% risk of failure)
Confirm with . or Enter, or press ? or * to list all spells.
A beastly little devil appears in a puff of flame.
* * * LOW HITPOINT WARNING * * *
The hobgoblin misses you.
You closely miss the hobgoblin.
The kobold hits your crimson imp but does no damage.
The hobgoblin misses you.
You hit the hobgoblin but do no damage.
Your crimson imp hits the kobold but does no damage.
The kobold closely misses your crimson imp.
The hobgoblin closely misses you.
You barely miss the hobgoblin.
Your crimson imp hits the kobold.
The kobold hits your crimson imp with a +0 club.
The hobgoblin hits you.
You die...

..............##...
...................
......g.##..#######
.......K##..######
........##...K...##
#.##)...###....K..#
#.##..#.# ######5.#
.....#### ######g.#
#)...######.....@.#
#.......##.......##
......####..######
......# #..#..###
.....## #....<..##
.....# ##.......#
).#### ###..#..#
...# ######..# ##.#
##.......#


You could see a hobgoblin, a kobold (ally target) and a friendly crimson imp
(summoned).

Vanquished Creatures (collateral kills)
  A ball python (D:1)
  2 goblins (D:1)
  A hobgoblin (D:1)
  A frilled lizard (D:1)
5 creatures vanquished.

Notes
Turn   | Place    | Note
-------+----------+-------------------------------------------
     0 | D:1      | freelancePsychic the Djinni Summoner began the quest for
                  | the Orb.
     0 | D:1      | Reached XP level 1. HP: 15/15 MP: 0/0
   362 | D:1      | Reached XP level 2. HP: 11/22 MP: 0/0
   376 | D:1      | Slain by a hobgoblin

Illustrated notes

Levels and vault maps discovered:
D:1:      minmay_arrival_wavy_path, layout_rooms,
          dilly_ecumenical_altar_fadedgnrine

Action                   || total
-------------------------++-------
Melee: Dagger            ||     9
 Cast: Summon Small Mamm ||    11
       Call Imp          ||     2
Armor: Robe              ||     2
Dodge: Dodged            ||    13

Table legend: (Time is in decaauts)
 A = Elapsed time spent in this place.
 B = Non-inter-level travel time spent in this place.
 C = Inter-level travel time spent in this place.
 D = Time resting spent in this place.
 E = Time spent auto-exploring this place.
 F = Levels seen in this place.
 G = Mean time per level.
                   A        B        C        D        E       F      G
               +--------+--------+--------+--------+--------+-----+--------+
         Total |    375 |    375 |      0 |      0 |    300 |   1 |  375.0 |
       Dungeon |    375 |    375 |      0 |      0 |    300 |   1 |  375.0 |
               +--------+--------+--------+--------+--------+-----+--------+

Top non-repeatable levels by time:
     D:1: 375 daAuts
